Map: Ruins of Seras

Players

Bagain

  • Race: Protoss Protoss
  • League: Gold

topinsect - Winner!

  • Race: Zerg Zerg
  • League: Gold

VOD

Have the link to the VOD?

Description

Time

  • Played on: Feb. 5, 2016, 9:06 a.m.
  • Length: 13:22
Show
View Real Time Build Order
Export as new Build Order

Bagain Protoss 

Build Orders: Nexus First 

Get SALT Encoding   

  12  0:02  Probe (Chrono Boost)  
  13  0:12  Probe (Chrono Boost)  
  14  0:22  Pylon  
  14  0:23  Probe (Chrono Boost)  
  15  0:40  Probe (Chrono Boost)  
  16  0:51  Probe (Chrono Boost)  
  17  1:03  Nexus  
  17  1:14  Gateway  
  17  1:20  Assimilator  
  17  1:21  Probe (Chrono Boost)  
  18  1:33  Gateway  
  18  1:36  Probe (Chrono Boost)  
  19  1:45  Pylon  
  19  2:04  Cybernetics Core  
  19  2:16  Probe (Chrono Boost)  
  19  2:17  Probe (Chrono Boost)  
  21  2:26  Probe (Chrono Boost)  
  21  2:28  Assimilator  
  22  2:30  Probe (Chrono Boost)  
  24  2:37  Probe (Chrono Boost)  
  24  2:41  Nexus  
  24  2:45  Probe (Chrono Boost)  
  24  2:50  Adept  
  27  2:55  Probe (Chrono Boost)  
  28  2:59  Adept  
  30  3:06  Probe x2 (Chrono Boost)  
  32  3:16  Probe (Chrono Boost)  
  32  3:17  Adept  
  35  3:23  Pylon  
  35  3:29  Adept  
  35  3:33  Gateway  
  38  3:34  Probe (Chrono Boost)  
  38  3:37  Probe (Chrono Boost)  
  39  3:44  Probe (Chrono Boost)  
  40  3:51  Assimilator  
  40  3:53  Gateway  
  40  3:58  Adept  
  40  4:02  Warp Gate  
  42  4:03  Probe x2 (Chrono Boost)  
  42  4:06  Probe (Chrono Boost)  
  45  4:14  Mothership Core (Chrono Boost)  
  47  4:22  Pylon, Stalker  
  49  4:28  Probe x2 (Chrono Boost)  
  51  4:32  Probe (Chrono Boost)  
  51  4:35  Robotics Facility  
  52  4:39  Probe x2 (Chrono Boost)  
  53  4:47  Adept x2  
  53  4:50  Probe x2 (Chrono Boost)  
  59  4:54  Pylon  
  59  4:57  Assimilator  
  59  5:03  Twilight Council  
  59  5:05  Probe x2 (Chrono Boost)  
  59  5:06  Probe (Chrono Boost)  
  62  5:17  Gateway  
  62  5:18  Gateway  
  49  5:42  Adept x3  
  49  5:43  Adept  
  42  6:01  Immortal  
  34  6:30  Probe x3 (Chrono Boost)  
  37  6:41  Probe x3 (Chrono Boost)  
  39  6:53  Probe x2 (Chrono Boost)  
  36  7:23  Probe x3 (Chrono Boost)  
  39  7:33  Probe (Chrono Boost)  
  39  7:34  Probe x2 (Chrono Boost)  
  43  7:44  Probe x3 (Chrono Boost)  
  45  7:51  Pylon  
  45  7:55  Probe (Chrono Boost)  
  45  8:04  Probe x2 (Chrono Boost)  
  45  8:05  Probe (Chrono Boost)  
  48  8:14  Probe x2 (Chrono Boost)  
  48  8:16  Probe (Chrono Boost)  
  48  8:17  Robotics Bay  
  51  8:27  Stalker x2  
  51  8:28  Stalker  
  51  8:32  Probe x2 (Chrono Boost)  
  59  8:34  Probe (Chrono Boost)  
  60  8:43  Probe (Chrono Boost)  
  61  8:49  Probe x2 (Chrono Boost)  
  61  8:53  Probe (Chrono Boost)  
  64  8:59  Probe x2 (Chrono Boost)  
  64  9:02  Stalker x2  
  68  9:03  Stalker  
  68  9:06  Probe (Chrono Boost)  
  68  9:07  Sentry x2  
  77  9:11  Probe x2 (Chrono Boost)  
  77  9:16  Probe (Chrono Boost)  
  80  9:23  Disruptor (Chrono Boost)  
  83  9:27  Extended Thermal Lance  
  83  9:29  Resonating Glaives  
  83  9:33  Sentry x2  
  83  9:34  Probe  
  83  9:35  Probe  
  83  9:36  Probe  
  90  9:45  Probe x2  
  90  9:48  Probe  
  90  9:51  Assimilator  
  93  9:54  Assimilator  
  72  10:17  Disruptor (Chrono Boost)  
  72  10:19  Stalker x4  
  72  10:20  Stalker x2  
  69  10:49  Observer (Chrono Boost)  
  70  10:50  Pylon x2  
  70  10:52  Pylon  
  70  10:54  Pylon  
  70  11:08  Disruptor (Chrono Boost)  
  70  11:09  Stalker x6  
  82  11:34  Stalker x4  
  82  11:35  Stalker  
  92  11:57  Stalker x4  
  100  12:33  Pylon  
  100  12:34  Pylon  
  100  12:36  Pylon  
  100  12:44  Cybernetics Core  
  100  12:49  Pylon  
  100  12:51  Disruptor (Chrono Boost)  
  103  12:53  Pylon  
  103  12:56  Pylon  
Show
View Real Time Build Order
Export as new Build Order

topinsect Zerg - Winner!

Build Orders: Hatch First, Lurkers 

Get SALT Encoding   

  12  0:01  Drone  
  13  0:12  Overlord  
  13  0:18  Drone  
  14  0:35  Drone x3  
  17  0:47  Drone  
  18  0:59  Hatchery  
  17  1:18  Spawning Pool  
  17  1:19  Drone x2  
  17  1:24  Drone  
  17  1:25  Extractor  
  18  1:35  Overlord  
  18  2:05  Zergling x4  
  18  2:07  Drone  
  18  2:08  Queen  
  23  2:11  Queen  
  25  2:18  Drone x2  
  27  2:26  Drone  
  28  2:37  Drone  
  28  2:38  Drone  
  30  2:44  Drone x2  
  30  2:47  Lair  
  30  2:49  Drone  
  33  3:06  Drone x3  
  33  3:10  Metabolic Boost, Extractor  
  35  3:13  Overlord  
  35  3:16  Drone  
  36  3:21  Overlord  
  35  3:45  Drone x3  
  38  3:48  Overlord x2  
  38  3:49  Overlord  
  38  4:08  Extractor  
  37  4:10  Extractor  
  36  4:18  Zergling x2, Nydus Network  
  36  4:19  Zergling x16  
  44  4:29  Zergling x8  
  48  4:35  Hatchery  
  47  4:43  Zergling x6  
  50  4:50  Zergling x2  
  51  5:00  Nydus Canal  
  51  5:01  Zergling x2  
  51  5:02  Zergling x8  
  56  5:14  Hydralisk Den  
  52  5:42  Zergling x2  
  46  5:43  Zergling x10  
  45  6:05  Zergling x4  
  45  6:06  Zergling x8  
  49  6:18  Drone x4  
  45  6:19  Drone x3  
  51  6:31  Nydus Canal  
  51  6:38  Drone  
  51  6:39  Drone x6  
  53  7:02  Hydralisk x8  
  53  7:03  Hydralisk x2  
  53  7:08  Extractor, Queen  
  74  7:20  Overseer  
  74  7:30  Lurker Den  
  74  7:45  Hydralisk x3  
  80  8:00  Overlord x2  
  80  8:01  Overlord x4  
  80  8:11  Evolution Chamber  
  79  8:15  Evolution Chamber  
  78  8:22  Drone  
  78  8:23  Drone x12  
  78  8:26  Overseer  
  91  8:39  Zerg Missile Weapons Level 1  
  91  8:43  Zerg Ground Armor Level 1  
  91  8:46  Hydralisk  
  91  8:47  Hydralisk x5  
  103  9:01  Muscular Augments  
  103  9:03  Lurker x3  
  103  9:04  Lurker x2  
  103  9:07  Zergling x2  
  103  9:08  Zergling x14  
  116  9:27  Hydralisk  
  116  9:28  Hydralisk x5  
  128  9:39  Pneumatized Carapace  
  106  10:22  Hydralisk  
  106  10:23  Hydralisk x9  
  123  10:44  Zergling x12  
  129  10:58  Extractor  
  129  11:02  Overlord x5  
  128  11:11  Spire  
  110  12:16  Lurker  
  110  12:17  Lurker x6  
  110  12:18  Zergling x2  
  110  12:19  Zergling x38  
  110  12:20  Zergling x16  
  137  12:51  Hatchery  
Tags
 
Composition
Lurkers
League
GoldGold
Matchup
PvZ
Replay Pack
rep
Add a new tag
Caveats
  • Supply blocks, unpowered buildings, or Contaminate may cause inaccurate times.
  • Supply counts are checked every 10 seconds.